cohdb
Replays
Latest Replays
All Replays
Popular Replays
Top Player Replays
Match Explorer
How It Works
Community
CoH3 Stats
Reddit
Sign in to upload your games and track your stats! →
Sign in with Steam
Match 41197862
Unlisted
Match 41197862
Overview
Messages
Build Orders
End
Construct Barracks
Selects Special Operations Battlegroup
Selects M29 Weasel Recon Vehicle
M29 Weasel Recon Vehicle
Riflemen Squad
Riflemen Squad
Riflemen Squad
Air Support Center
P-47 Strafing Run
Selects Raiding Flares
Construct Motor Pool
Grasshopper Recon Run
M8 Greyhound Armored Car
P-47 Dive Bomb
Riflemen Squad
Grasshopper Recon Run
M1918 Browning Automatic Rifles
Engineer Squad
Selects SSF Commando Squad
Selects SSF Commando Squad
Grasshopper Recon Run
M1 Mortar Team
Grasshopper Recon Run
BigTiddyLebron
Scilless
SneakyFridge
Big_Jesus@_lance>a_lot
0
0
Comments
sign in to comment!
No comments posted yet!